Map: Jagannatha LE

Players

BlinKing - Winner!

  • Race: Protoss Protoss
  • League: Master
  • Spawn Location: 7:00

llllllllllll

  • Race: Protoss Protoss
  • Spawn Location: 1:00

VOD

Have the link to the VOD?

Description

Time

  • Played on: March 27, 2021, 5:35 a.m.
  • Length: 8:44
Show
View Real Time Build Order
Export as new Build Order

BlinKing Protoss - Winner!

Build Orders: Phoenix Opening, Zealot Archon 

Get SALT Encoding   

  12  0:00  Probe  
  13  0:12  Probe  
  14  0:20  Pylon  
  14  0:24  Probe  
  15  0:38  Probe (Chrono Boost)  
  15  0:39  Gateway  
  16  0:47  Probe (Chrono Boost)  
  16  0:49  Assimilator  
  17  0:52  Probe (Chrono Boost)  
  19  1:04  Probe (Chrono Boost)  
  19  1:05  Assimilator  
  19  1:12  Gateway  
  19  1:13  Probe (Chrono Boost)  
  20  1:20  Probe  
  21  1:27  Cybernetics Core  
  21  1:32  Probe  
  22  1:44  Pylon, Probe  
  23  2:03  Gateway, Stalker  
  23  2:04  Warp Gate (Chrono Boost)  
  23  2:05  Stalker  
  27  2:33  Stalker  
  27  2:35  Stalker  
  31  2:46  Pylon  
  31  2:59  Nexus  
  31  3:12  Probe  
  32  3:14  Sentry  
  34  3:24  Probe  
  34  3:26  Pylon  
  35  3:36  Probe  
  36  3:42  Stalker  
  36  3:45  Stalker  
  40  3:49  Probe  
  41  3:56  Stalker  
  41  3:59  Phoenix  
  41  4:01  Probe  
  44  4:05  Twilight Council  
  44  4:11  Sentry  
  44  4:12  Sentry  
  44  4:13  Probe (Chrono Boost)  
  44  4:15  Probe (Chrono Boost)  
  50  4:25  Probe (Chrono Boost)  
  50  4:29  Probe (Chrono Boost)  
  52  4:33  Probe (Chrono Boost)  
  52  4:34  Probe (Chrono Boost)  
  54  4:38  Charge (Chrono Boost)  
  54  4:39  Probe  
  54  4:40  Pylon  
  54  4:43  Probe  
  56  4:46  Assimilator  
  56  4:51  Probe  
  57  4:55  Probe  
  57  4:56  Phoenix  
  57  4:59  Pylon  
  58  5:03  Forge, Probe  
  59  5:07  Probe  
  59  5:13  Zealot  
  62  5:14  Zealot, Shield Battery  
  62  5:15  Probe  
  62  5:19  Probe  
  66  5:26  Templar Archives  
  66  5:28  Probe  
  67  5:31  Probe  
  67  5:32  Gateway  
  68  5:37  Gateway  
  68  5:40  Probe  
  69  5:44  Probe  
  70  5:50  Zealot  
  70  5:51  Zealot, Phoenix  
  70  5:52  Probe  
  70  5:53  Protoss Ground Weapons Level 1 (Chrono Boost)  
  70  5:56  Probe  
  76  5:57  Zealot  
  76  6:01  Pylon  
  78  6:09  Gateway  
  78  6:20  Probe x2, Robotics Facility  
  78  6:22  Blink (Chrono Boost)  
  80  6:27  High Templar x2, Zealot  
  80  6:32  Archon  
  86  6:37  Gateway  
  86  6:38  Gateway  
  86  6:40  Pylon  
  86  6:51  Nexus  
  86  6:53  Pylon  
  86  7:12  Zealot x4  
  94  7:19  Probe  
  87  7:24  Probe  
  87  7:28  Pylon  
  84  7:31  Probe  
  84  7:32  Zealot x2  
  84  7:33  Zealot x2  
  93  7:37  Probe  
  92  7:52  Stalker x4  
  92  7:53  Stalker x2  
  102  8:03  Probe x2  
  102  8:04  Pylon  
  104  8:06  Pylon  
  104  8:19  Stalker x5  
  112  8:23  Stalker  
  106  8:42  Zealot x7  
Show
View Real Time Build Order
Export as new Build Order

llllllllllll Protoss 

Build Orders: 1 Gate Expand 

Get SALT Encoding   

  12  0:00  Probe  
  13  0:12  Probe  
  14  0:19  Pylon  
  14  0:24  Probe  
  15  0:37  Probe, Gateway  
  16  0:49  Probe  
  17  1:01  Probe  
  18  1:14  Nexus  
  18  1:20  Assimilator  
  18  1:22  Probe  
  19  1:27  Assimilator  
  19  1:35  Probe  
  20  1:40  Cybernetics Core  
  21  1:47  Probe  
  21  1:51  Pylon  
  21  1:59  Probe  
  23  2:16  Robotics Facility  
  23  2:19  Stalker  
  24  2:25  Shield Battery  
  24  2:27  Probe  
  25  2:30  Probe  
  26  2:39  Probe  
  27  2:50  Stalker  
  29  3:01  Immortal (Chrono Boost)  
  33  3:14  Shield Battery  
  33  3:21  Sentry  
  35  3:30  Immortal (Chrono Boost)  
  39  3:34  Probe x2  
  39  3:41  Pylon  
  41  3:47  Pylon  
  41  4:00  Immortal (Chrono Boost)  
  41  4:04  Pylon  
  41  4:06  Probe  
  41  4:07  Phoenix  
  46  4:14  Probe  
  47  4:20  Gateway  
  48  4:31  Observer (Chrono Boost), Probe x2  
  50  4:43  Probe x2  
  50  4:44  Immortal (Chrono Boost)  
  56  4:55  Probe x2  
  58  5:02  Pylon  
  58  5:07  Probe x2  
  58  5:08  Forge  
  58  5:09  Cybernetics Core  
  60  5:15  Pylon  
  60  5:19  Probe  
  61  5:23  Probe  
  62  5:31  Pylon, Probe  
  62  5:34  Assimilator  
  63  5:35  Probe  
  63  5:36  Assimilator  
  63  5:40  Protoss Ground Weapons Level 1  
  63  5:42  Phoenix  
  64  5:43  Probe  
  64  5:48  Immortal, Robotics Facility  
  64  5:49  Probe  
  70  5:51  Warp Gate  
  70  5:53  Sentry  
  72  5:57  Probe  
  72  6:01  Probe  
  72  6:04  Pylon  
  74  6:09  Probe  
  75  6:14  Probe  
  76  6:20  Robotics Bay  
  76  6:21  Probe, Robotics Facility  
  77  6:26  Observer, Probe  
  77  6:30  Observer  
  79  6:33  Nexus  
  79  6:35  Pylon  
  79  6:37  Probe  
  81  6:40  Probe  
  81  6:49  Probe  
  81  6:50  Pylon  
  81  6:52  Probe  
  83  7:01  Shield Battery  
  83  7:02  Shield Battery  
  83  7:03  Photon Cannon  
  83  7:05  Pylon  
  83  7:06  Disruptor (Chrono Boost)  
  89  7:08  Disruptor (Chrono Boost)  
  89  7:10  Disruptor (Chrono Boost)  
  91  7:22  Probe  
  88  7:27  Probe  
  81  7:33  Disruptor (Chrono Boost)  
  81  7:34  Probe  
  81  7:35  Disruptor (Chrono Boost)  
  84  7:39  Probe  
  84  7:41  Stalker  
  87  7:46  Probe  
  87  7:50  Disruptor (Chrono Boost)  
  87  7:58  Gateway  
  87  8:00  Gateway  
  87  8:02  Gateway  
  87  8:03  Gateway  
  87  8:06  Twilight Council  
  89  8:13  Warp Prism (Chrono Boost)  
  96  8:27  Pylon  
  96  8:29  Pylon  
  84  8:37  Zealot  
Tags
 
Add a new tag
Caveats
  • Supply blocks, unpowered buildings, or Contaminate may cause inaccurate times.
  • Supply counts are checked every 10 seconds.